[Event "2nd Irena Warakomska Memorial-A"]
[Site "Suwalki"]
[Date "2018.08.03"]
[Round "4"]
[White "Bugalski, Michal"]
[Black "Pietruszewski, Marcin"]
[Result "1/2-1/2"]
[ECO "B22"]
[WhiteElo "2263"]
[BlackElo "2208"]
[Annotator "NA"]
[PlyCount "141"]
[EventDate "2018.08.01"]
[EventType "swiss"]
[EventCountry "POL"]
[SourceTitle "playchess.com"]
[Source "ChessBase"]
[SourceQuality "1"]
[TimeControl "40/5400+30:1800+30"]

1. e4 c5 2. c3 Nf6 3. e5 Nd5 4. d4 cxd4 5. Nf3 d6 6. cxd4 e6 7. Bc4 Be7 8. O-O O-O 9. Qe2 b6 10. Bd2 Bb7 11. Nc3 Nd7 12. Bxd5 exd5 13. e6 Nb8 14. Rfe1 Na6 15. exf7+ Rxf7 16. Nb5 h6 17. a4 Nb8 18. Ra3 Bf8 19. Qe8 Nc6 20. Rae3 a6 21. Qxd8 Rxd8 22. Na3 Nb8 23. h3 Bc6 24. b3 Rc7 25. a5 Nd7 26. Rc1 b5 27. Nc2 Bb7 28. Nb4 Rxc1+ 29. Bxc1 Rc8 30. Bd2 Nf6 31. Rc3 Rxc3 32. Bxc3 Ne4 33. Be1 g5 34. Nh2 Bg7 35. Nc2 Kf7 36. f3 Nf6 37. Kf2 Ke6 38. Ke3 Nh5 39. g3 Nf6 40. Nb4 h5 41. g4 Kf7 42. h4 Kg6 43. hxg5 Kxg5 44. f4+ Kg6 45. g5 Ne4 46. Nf3 Kf5 47. Nh4+ Kg4 48. Ng6 Nc5 49. dxc5 d4+ 50. Kd2 dxc5 51. Nd3 c4 52. Nc5 Bc6 53. Ne6 Be4 54. Ne5+ Bxe5 55. fxe5 cxb3 56. Kc1 h4 57. Nxd4 h3 58. Ne2 h2 59. Ng3 h1=Q 60. Nxh1 Bxh1 61. g6 Kf5 62. g7 Bd5 63. Bc3 Be6 64. Kd2 Kg6 65. Kd3 Kxg7 66. Kd4 b4 67. Bb2 Kg6 68. Kc5 Kf5 69. Kxb4 Ke4 70. Kc5 Kf5 71. Kb6 {[%emt 0:00:16] Kxe5} 1/2-1/2

[Event "2nd Irena Warakomska Memorial-A"]
[Site "Suwalki"]
[Date "2018.08.03"]
[Round "4"]
[White "Bykovskiy, Oleg"]
[Black "Wacior, Maciej"]
[Result "1-0"]
[ECO "B12"]
[WhiteElo "2263"]
[BlackElo "2081"]
[Annotator "NA"]
[PlyCount "83"]
[EventDate "2018.08.01"]
[EventType "swiss"]
[EventCountry "POL"]
[SourceTitle "playchess.com"]
[Source "ChessBase"]
[SourceQuality "1"]
[TimeControl "40/5400+30:1800+30"]

1. e4 c6 2. d4 d5 3. e5 c5 4. dxc5 Nc6 5. f4 e6 6. Be3 d4 7. Bf2 Bxc5 8. Nd2 Nge7 9. a3 O-O 10. Bd3 Nd5 11. Qf3 f5 12. h4 a5 13. Ne2 Ba7 14. g4 Rb8 15. Rg1 Ne3 16. gxf5 exf5 17. Nc4 Be6 18. Nxe3 dxe3 19. Bxe3 Qxh4+ 20. Kd2 Bxe3+ 21. Qxe3 Rfd8 22. Rg5 h6 23. Rg6 Kf7 24. Rag1 Rg8 25. Rxe6 Kxe6 26. Bc4+ Kd7 27. Bxg8 Rxg8 28. Qd3+ Kc7 29. Qxf5 Rd8+ 30. Kc3 Qf2 31. Qe4 a4 32. b4 axb3 33. Rxg7+ Kb8 34. Kxb3 Qb6+ 35. Ka2 Rd1 36. Nc3 Rd4 37. Rg8+ Ka7 38. Qe3 Qc5 39. Rg1 Ka8 40. e6 Nb4+ 41. axb4 Qa7+ 42. Na4 1-0

[Event "2nd Irena Warakomska Memorial-A"]
[Site "Suwalki"]
[Date "2018.08.03"]
[Round "4"]
[White "Tomaszewski, Roman"]
[Black "Walkusz, Witoslaw"]
[Result "0-1"]
[ECO "D90"]
[WhiteElo "2258"]
[BlackElo "2121"]
[Annotator "NA"]
[PlyCount "78"]
[EventDate "2018.08.01"]
[EventType "swiss"]
[EventCountry "POL"]
[SourceTitle "playchess.com"]
[Source "ChessBase"]
[SourceQuality "1"]
[TimeControl "40/5400+30:1800+30"]

1. d4 Nf6 2. c4 g6 3. Nc3 d5 4. Nf3 Bg7 5. cxd5 Nxd5 6. Bd2 c5 7. Rc1 Nxc3 8. Bxc3 cxd4 9. Nxd4 O-O 10. e3 a6 11. Be2 e5 12. Nb3 Qxd1+ 13. Rxd1 e4 14. Bxg7 Kxg7 15. Nc5 f5 16. f3 b6 17. Na4 Nd7 18. fxe4 fxe4 19. Rd4 Re8 20. O-O b5 21. Nc3 Nf6 22. a3 Ra7 23. h3 Rd7 24. Rxd7+ Bxd7 25. Rd1 Kf7 26. Rd4 Bc6 27. Kf2 Ke6 28. Ke1 Ke5 29. Kd2 Rb8 30. Kc2 Bd5 31. Kc1 Rc8 32. a4 Bc4 33. Bxc4 Rxc4 34. Kd2 Rxd4+ 35. exd4+ Kxd4 36. axb5 axb5 37. Nxb5+ Kc5 38. Nc3 Kd4 39. Ne2+ Ke5 0-1

[Event "2nd Irena Warakomska Memorial-A"]
[Site "Suwalki"]
[Date "2018.08.03"]
[Round "4"]
[White "Mulet, Piotr"]
[Black "Fiedorek, Michal"]
[Result "0-1"]
[ECO "E62"]
[WhiteElo "2238"]
[BlackElo "1970"]
[Annotator "NA"]
[PlyCount "118"]
[EventDate "2018.08.01"]
[EventType "swiss"]
[EventCountry "POL"]
[SourceTitle "playchess.com"]
[Source "ChessBase"]
[SourceQuality "1"]
[TimeControl "40/5400+30:1800+30"]

1. c4 Nf6 2. Nc3 g6 3. g3 Bg7 4. Bg2 O-O 5. d4 d6 6. Nf3 Nc6 7. O-O Bg4 8. h3 Bxf3 9. Bxf3 Nd7 10. e3 e5 11. d5 Ne7 12. Qc2 f5 13. e4 f4 14. Bd2 g5 15. b4 Nf6 16. c5 Qd7 17. Kg2 h5 18. Bd1 g4 19. h4 f3+ 20. Kh2 Ng6 21. Rc1 Nh7 22. c6 bxc6 23. dxc6 Qd8 24. Qb3+ Kh8 25. Qe6 Nxh4 26. Qd7 Ng6 27. Nd5 Rc8 28. Bb3 Nf6 29. Qxd8 Rfxd8 30. Bg5 Rf8 31. Nc3 Kh7 32. Be6 Rb8 33. Rb1 Ne8 34. Nd5 Bh6 35. Bxh6 Kxh6 36. Bf5 Kg5 37. Rb3 Rxf5 38. exf5 Kxf5 39. Ra3 Ke6 40. Ra5 a6 41. Rd1 Ne7 42. Nxe7 Kxe7 43. b5 axb5 44. Rb1 Rb6 45. Raxb5 Rxc6 46. a4 Rc2 47. R1b2 Rc6 48. a5 Ra6 49. Ra2 Nf6 50. Kg1 Ne4 51. Rb7 Kd7 52. Rb8 d5 53. Rh8 Nf6 54. Kf1 Rc6 55. Ke1 Ne4 56. Ra1 Rc2 57. a6 Re2+ 58. Kd1 Nxf2+ 59. Kc1 Nd3+ 0-1

[Event "2nd Irena Warakomska Memorial-A"]
[Site "Suwalki"]
[Date "2018.08.03"]
[Round "4"]
[White "Godzwon, Iwo"]
[Black "Oglaza, Oskar"]
[Result "1/2-1/2"]
[ECO "C03"]
[WhiteElo "2222"]
[BlackElo "2364"]
[Annotator "NA"]
[PlyCount "95"]
[EventDate "2018.08.01"]
[EventType "swiss"]
[EventCountry "POL"]
[SourceTitle "playchess.com"]
[Source "ChessBase"]
[SourceQuality "1"]
[TimeControl "40/5400+30:1800+30"]

1. e4 e6 2. d4 d5 3. Nd2 Be7 4. Ngf3 Nf6 5. e5 Nfd7 6. Bd3 c5 7. c3 Nc6 8. O-O g5 9. dxc5 Ndxe5 10. Bb5 Ng6 11. Nd4 Bd7 12. b4 e5 13. Ne2 O-O 14. Ba4 a6 15. Nf3 Be6 16. Qd2 h6 17. Rd1 Qc7 18. Bb3 Rad8 19. a4 e4 20. Nfd4 Nce5 21. f4 gxf4 22. Nxf4 Ng4 23. g3 e3 24. Nfxe6 fxe6 25. Qe2 Nxh2 26. Qxh2 Qe5 27. Re1 Bg5 28. Ra2 Qf6 29. Rae2 e5 30. Nc2 e4 31. Bxe3 Ne5 32. Nd4 Kh7 33. Bc2 Rg8 34. Bxg5 Rxg5 35. Rf1 Qg6 36. Bd1 Rh5 37. Qg2 Ng4 38. Rf4 Rh2 39. Qxh2 Nxh2 40. Kxh2 Qh5+ 41. Rh4 Qg5 42. Rf4 Qh5+ 43. Kg2 Rg8 44. Re1 Qg5 45. Ne2 a5 46. bxa5 Qe7 47. Nd4 Qxc5 48. Re3 1/2-1/2

[Event "2nd Irena Warakomska Memorial-A"]
[Site "Suwalki"]
[Date "2018.08.03"]
[Round "4"]
[White "Jaroch, Karol"]
[Black "Jankowiak, Tomasz"]
[Result "0-1"]
[ECO "C42"]
[WhiteElo "2222"]
[BlackElo "2117"]
[Annotator "NA"]
[PlyCount "40"]
[EventDate "2018.08.01"]
[EventType "swiss"]
[EventCountry "POL"]
[SourceTitle "playchess.com"]
[Source "ChessBase"]
[SourceQuality "1"]
[TimeControl "40/5400+30:1800+30"]

1. e4 e5 2. Nf3 Nf6 3. Nxe5 d6 4. Nf3 Nxe4 5. Nc3 Nxc3 6. dxc3 Be7 7. Bf4 Nc6 8. Qd2 Be6 9. O-O-O Qd7 10. Kb1 a6 11. h3 O-O-O 12. Nd4 Nxd4 13. cxd4 d5 14. Qa5 Bd6 15. Bxa6 Bxf4 16. Rd3 Qd6 17. Bb5 c6 18. Rc3 Bd2 19. Qa8+ Kc7 20. Rxc6+ Qxc6 0-1

[Event "2nd Irena Warakomska Memorial-A"]
[Site "Suwalki"]
[Date "2018.08.03"]
[Round "4"]
[White "Sliwicki, Damian"]
[Black "Debarshi, Mukherjee"]
[Result "1/2-1/2"]
[ECO "B30"]
[WhiteElo "2220"]
[BlackElo "2308"]
[Annotator "NA"]
[PlyCount "57"]
[EventDate "2018.08.01"]
[EventType "swiss"]
[EventCountry "POL"]
[SourceTitle "playchess.com"]
[Source "ChessBase"]
[SourceQuality "1"]
[TimeControl "40/5400+30:1800+30"]

1. Nf3 c5 2. e4 Nc6 3. Bb5 d6 4. d4 cxd4 5. Qxd4 Bd7 6. Bxc6 Bxc6 7. Nc3 Nf6 8. Bg5 e6 9. O-O-O Be7 10. Qd3 Qa5 11. h4 Qa6 12. Qxa6 bxa6 13. Nd4 Bb7 14. f3 O-O 15. Nb3 h6 16. Bf4 Rad8 17. g4 d5 18. e5 Nd7 19. Nd4 g5 20. hxg5 hxg5 21. Bg3 Kg7 22. Nce2 Rh8 23. f4 gxf4 24. Nxf4 Rxh1 25. Rxh1 Rg8 26. Rf1 Nc5 27. Kd1 Ne4 28. Be1 Rh8 29. Nh5+ 1/2-1/2

[Event "2nd Irena Warakomska Memorial-A"]
[Site "Suwalki"]
[Date "2018.08.03"]
[Round "4"]
[White "Zaika, Daniil"]
[Black "Szostko, Jakub"]
[Result "0-1"]
[ECO "E11"]
[WhiteElo "2213"]
[BlackElo "2299"]
[Annotator "NA"]
[PlyCount "54"]
[EventDate "2018.08.01"]
[EventType "swiss"]
[EventCountry "POL"]
[SourceTitle "playchess.com"]
[Source "ChessBase"]
[SourceQuality "1"]
[TimeControl "40/5400+30:1800+30"]

1. d4 Nf6 2. c4 e6 3. Nf3 Bb4+ 4. Nbd2 d6 5. a3 Bxd2+ 6. Qxd2 Nbd7 7. e3 e5 8. Qc2 Qe7 9. Be2 O-O 10. O-O Re8 11. b4 e4 12. Nd2 c6 13. Re1 d5 14. c5 Nf8 15. b5 h5 16. Nf1 h4 17. h3 N6h7 18. bxc6 bxc6 19. Qa4 Qg5 20. Kh1 Qf6 21. Bd2 Qxf2 22. Qxc6 Re6 23. Qxd5 Rg6 24. Qxe4 Bxh3 25. Bf3 Bxg2+ 26. Bxg2 h3 27. Qxg6 Nxg6 0-1

[Event "2nd Irena Warakomska Memorial-A"]
[Site "Suwalki"]
[Date "2018.08.03"]
[Round "4"]
[White "Fus, Jakub"]
[Black "Leniart, Arkadiusz"]
[Result "0-1"]
[ECO "C77"]
[WhiteElo "2210"]
[BlackElo "2498"]
[Annotator "ChessBase"]
[PlyCount "80"]
[EventDate "2018.08.01"]
[EventType "swiss"]
[EventCountry "POL"]
[SourceTitle "playchess.com"]
[Source "ChessBase"]
[SourceQuality "1"]
[TimeControl "40/5400+30:1800+30"]

1. e4 e5 2. Nf3 Nc6 3. Bb5 a6 4. Ba4 Nf6 5. d3 d6 6. c4 Be7 7. h3 O-O 8. O-O Nd7 9. Be3 Bf6 10. Nc3 Nc5 11. Bxc6 bxc6 12. Bxc5 dxc5 13. Qe2 Qd6 14. Rad1 Rb8 15. Na4 Rb4 16. b3 Re8 17. Qe3 Be7 18. Ne1 Rb8 19. Nc2 Be6 20. Kh1 Bf8 21. Qf3 Rbd8 22. Ne3 Bc8 23. Rg1 g6 24. g4 f6 25. Kg2 Bh6 26. Kf1 Kh8 27. Ke2 Rf8 28. h4 Bf4 29. h5 gxh5 30. gxh5 f5 31. Nxf5 Bxf5 32. exf5 Rxf5 33. Qe4 Rdf8 34. Rdf1 Bh6 35. Rg4 Rf4 36. Rxf4 Rxf4 37. Qg2 e4 38. dxe4 Qd4 39. Nxc5 Qb2+ 40. Ke1 Rg4 0-1

[Event "2nd Irena Warakomska Memorial-A"]
[Site "Suwalki"]
[Date "2018.08.03"]
[Round "4"]
[White "Budrewicz, Krzysztof"]
[Black "Szustakowski, Antoni"]
[Result "1/2-1/2"]
[ECO "E46"]
[WhiteElo "2203"]
[BlackElo "2300"]
[Annotator "NA"]
[PlyCount "67"]
[EventDate "2018.08.01"]
[EventType "swiss"]
[EventCountry "POL"]
[SourceTitle "playchess.com"]
[Source "ChessBase"]
[SourceQuality "1"]
[TimeControl "40/5400+30:1800+30"]

1. d4 e6 2. c4 Nf6 3. Nc3 Bb4 4. e3 O-O 5. Nge2 Re8 6. a3 Bf8 7. e4 d6 8. g3 c5 9. Bg2 cxd4 10. Nxd4 a6 11. O-O Qc7 12. Bg5 Nbd7 13. Rc1 h6 14. Be3 Ne5 15. b3 Bd7 16. h3 Qa5 17. f4 Nc6 18. a4 Rab8 19. g4 Nxd4 20. Qxd4 e5 21. Qb6 Qxb6 22. Bxb6 exf4 23. Rxf4 Be6 24. Rd1 Rec8 25. Ba7 Ra8 26. Be3 Nd7 27. Rf2 Ne5 28. Rfd2 Rc6 29. Nd5 Re8 30. Nf4 Bc8 31. Nd3 Be6 32. Nf4 Bc8 33. Nd3 Be6 34. Nf4 1/2-1/2

[Event "2nd Irena Warakomska Memorial-A"]
[Site "Suwalki"]
[Date "2018.08.03"]
[Round "4"]
[White "Dzhuguryan, Tygran"]
[Black "Schippers, Maurice"]
[Result "1-0"]
[ECO "A59"]
[WhiteElo "2179"]
[BlackElo "2303"]
[Annotator "NA"]
[PlyCount "115"]
[EventDate "2018.08.01"]
[EventType "swiss"]
[EventCountry "POL"]
[SourceTitle "playchess.com"]
[Source "ChessBase"]
[SourceQuality "1"]
[TimeControl "40/5400+30:1800+30"]

1. d4 Nf6 2. c4 c5 3. d5 b5 4. cxb5 a6 5. bxa6 g6 6. Nc3 Bxa6 7. e4 Bxf1 8. Kxf1 d6 9. Nf3 Bg7 10. g3 O-O 11. Kg2 Nbd7 12. a4 Qb6 13. Qc2 Rfb8 14. Nb5 Ne8 15. Bg5 Qd8 16. Rab1 h6 17. Be3 Nb6 18. b3 Nc7 19. Nxc7 Qxc7 20. Bd4 Qb7 21. Bxg7 Kxg7 22. b4 Qc8 23. a5 Nd7 24. b5 Nf6 25. a6 e6 26. dxe6 Qxe6 27. Rhe1 Nd7 28. Re3 Kg8 29. Ra3 Nb6 30. Nd2 Re8 31. Kg1 d5 32. exd5 Qxd5 33. Rd3 Qh5 34. Qd1 Qg5 35. h4 Qf6 36. Qf3 Qe6 37. Re3 Qa2 38. Rbe1 Rxe3 39. Qxe3 Qa5 40. Rb1 c4 41. Ne4 Kh7 42. Qd4 h5 43. Qc3 Qa2 44. Ra1 Qe2 45. Re1 Qd3 46. Ng5+ Kg8 47. Qf6 Qf5 48. Qxb6 c3 49. Qc6 Rc8 50. Re8+ Rxe8 51. Qxe8+ Kg7 52. Qc6 Qb1+ 53. Kg2 c2 54. a7 c1=Q 55. Qxc1 Qxc1 56. a8=Q Qc4 57. Qb7 Kh6 58. Nxf7+ 1-0

[Event "2nd Irena Warakomska Memorial-A"]
[Site "Suwalki"]
[Date "2018.08.03"]
[Round "4"]
[White "Paprocki, Jaroslaw"]
[Black "Marszalek, Maciej"]
[Result "1/2-1/2"]
[ECO "C84"]
[WhiteElo "2177"]
[BlackElo "2269"]
[Annotator "NA"]
[PlyCount "54"]
[EventDate "2018.08.01"]
[EventType "swiss"]
[EventCountry "POL"]
[SourceTitle "playchess.com"]
[Source "ChessBase"]
[SourceQuality "1"]
[TimeControl "40/5400+30:1800+30"]

1. e4 e5 2. Nf3 Nc6 3. Bb5 a6 4. Ba4 Nf6 5. O-O Be7 6. d3 b5 7. Bb3 O-O 8. Nc3 d6 9. Nd5 h6 10. c3 Rb8 11. a3 Na5 12. Ba2 Nxd5 13. Bxd5 c6 14. Ba2 Be6 15. Bxe6 fxe6 16. b4 Nb7 17. a4 Bf6 18. axb5 axb5 19. Be3 d5 20. Qb3 Kh8 21. Rfe1 Ra8 22. Rxa8 Qxa8 23. d4 exd4 24. Nxd4 Bxd4 25. Bxd4 Nd6 26. exd5 exd5 27. Qb2 Nf5 1/2-1/2

[Event "2nd Irena Warakomska Memorial-A"]
[Site "Suwalki"]
[Date "2018.08.03"]
[Round "4"]
[White "Zielinski, Wojciech"]
[Black "Tarun, V Kanth"]
[Result "1/2-1/2"]
[ECO "A05"]
[WhiteElo "2157"]
[BlackElo "2102"]
[Annotator "NA"]
[PlyCount "52"]
[EventDate "2018.08.01"]
[EventType "swiss"]
[EventCountry "POL"]
[SourceTitle "playchess.com"]
[Source "ChessBase"]
[SourceQuality "1"]
[TimeControl "40/5400+30:1800+30"]

1. Nf3 Nf6 2. b3 g6 3. Bb2 Bg7 4. e3 O-O 5. c4 d6 6. Be2 e5 7. d4 Nbd7 8. O-O Re8 9. h3 e4 10. Nfd2 h5 11. Nc3 Nf8 12. Rc1 c6 13. b4 h4 14. Qc2 Bf5 15. d5 cxd5 16. Nxd5 Nxd5 17. cxd5 Bxb2 18. Qxb2 Nh7 19. Nb3 Re5 20. Rfd1 Qd7 21. Kh2 Ng5 22. Bf1 Bxh3 23. gxh3 Nf3+ 24. Kh1 Rg5 25. Bg2 Re5 26. Bf1 Ng5 1/2-1/2

[Event "2nd Irena Warakomska Memorial-A"]
[Site "Suwalki"]
[Date "2018.08.03"]
[Round "4"]
[White "Zgadzaj, Rafal"]
[Black "Kumala, Aleksander"]
[Result "1-0"]
[ECO "A85"]
[WhiteElo "2154"]
[BlackElo "2238"]
[Annotator "NA"]
[PlyCount "53"]
[EventDate "2018.08.01"]
[EventType "swiss"]
[EventCountry "POL"]
[SourceTitle "playchess.com"]
[Source "ChessBase"]
[SourceQuality "1"]
[TimeControl "40/5400+30:1800+30"]

1. d4 f5 2. c4 Nf6 3. Nc3 d6 4. Nf3 g6 5. g3 Bg7 6. Bg2 O-O 7. O-O Qe8 8. Qc2 e5 9. dxe5 dxe5 10. e4 c6 11. Re1 Na6 12. Nh4 f4 13. gxf4 exf4 14. Bxf4 Ng4 15. Bg3 Be6 16. Nd5 Qf7 17. Ne3 Nxe3 18. Rxe3 Bxc4 19. Rf3 Qe6 20. Bh3 Qxh3 21. Qxc4+ Kh8 22. Re1 Rxf3 23. Nxf3 Qg4 24. Nd4 Re8 25. Qf7 Rxe4 26. Rxe4 Qxe4 27. Ne6 1-0

[Event "2nd Irena Warakomska Memorial-A"]
[Site "Suwalki"]
[Date "2018.08.03"]
[Round "4"]
[White "Ulanowski, Karol"]
[Black "Kyc, Jerzy"]
[Result "0-1"]
[ECO "B95"]
[WhiteElo "2149"]
[BlackElo "2283"]
[Annotator "NA"]
[PlyCount "64"]
[EventDate "2018.08.01"]
[EventType "swiss"]
[EventCountry "POL"]
[SourceTitle "playchess.com"]
[Source "ChessBase"]
[SourceQuality "1"]
[TimeControl "40/5400+30:1800+30"]

1. e4 c5 2. Nf3 d6 3. d4 cxd4 4. Nxd4 Nf6 5. Nc3 a6 6. Bg5 e6 7. Qf3 Be7 8. O-O-O Qc7 9. g4 Nbd7 10. Bxf6 Nxf6 11. g5 Nd7 12. Rg1 b5 13. a3 Rb8 14. Qh3 b4 15. axb4 Rxb4 16. g6 Nf6 17. gxf7+ Kxf7 18. e5 dxe5 19. Nf3 g6 20. Ng5+ Kg7 21. Bxa6 h6 22. Nxe6+ Bxe6 23. Qxe6 g5 24. Nb5 Qc5 25. Nd6 Bxd6 26. Rxd6 Rf8 27. Re1 Rxb2 28. Kxb2 Qb4+ 29. Qb3 Qxd6 30. Bb5 Qd4+ 31. Ka3 Ra8+ 32. Ba4 Rxa4+ 0-1

[Event "2nd Irena Warakomska Memorial-A"]
[Site "Suwalki"]
[Date "2018.08.03"]
[Round "4"]
[White "Lisowski, Krzysztof"]
[Black "Buraczewski, Rafal"]
[Result "1-0"]
[ECO "B12"]
[WhiteElo "2072"]
[BlackElo "2221"]
[Annotator "NA"]
[PlyCount "85"]
[EventDate "2018.08.01"]
[EventType "swiss"]
[EventCountry "POL"]
[SourceTitle "playchess.com"]
[Source "ChessBase"]
[SourceQuality "1"]
[TimeControl "40/5400+30:1800+30"]

1. e4 c6 2. d4 g6 3. f4 d5 4. e5 h5 5. Be2 Nh6 6. Nf3 Bg4 7. O-O e6 8. Qd3 Nf5 9. b3 Qb6 10. Bb2 Bxf3 11. Bxf3 c5 12. c4 dxc4 13. Qxc4 Nd7 14. Rc1 Nxd4 15. Bxd4 cxd4 16. Nd2 Ba3 17. Rd1 Be7 18. Ne4 O-O 19. Qxd4 Nc5 20. Nd6 Bxd6 21. exd6 a5 22. Rac1 Rac8 23. Rc4 Nd7 24. Qxb6 Nxb6 25. Rxc8 Rxc8 26. Bxb7 Rd8 27. Kf2 Kf8 28. Ke3 Rb8 29. Bc6 Rc8 30. Bb7 Rb8 31. Bc6 Rc8 32. d7 Rd8 33. Kd4 Nxd7 34. Ke3 Ke7 35. Bxd7 Rxd7 36. Rxd7+ Kxd7 37. Kd4 Kd6 38. h4 f6 39. a3 Kc6 40. Kc4 Kb6 41. a4 Kc6 42. b4 axb4 43. Kxb4 1-0

[Event "2nd Irena Warakomska Memorial-A"]
[Site "Suwalki"]
[Date "2018.08.03"]
[Round "4"]
[White "Sliwerski, Radoslaw"]
[Black "Popiol, Michal"]
[Result "0-1"]
[ECO "E62"]
[WhiteElo "1990"]
[BlackElo "2164"]
[Annotator "NA"]
[PlyCount "84"]
[EventDate "2018.08.01"]
[EventType "swiss"]
[EventCountry "POL"]
[SourceTitle "playchess.com"]
[Source "ChessBase"]
[SourceQuality "1"]
[TimeControl "40/5400+30:1800+30"]

1. d4 Nf6 2. c4 g6 3. g3 Bg7 4. Bg2 O-O 5. Nc3 d6 6. Nf3 Nc6 7. O-O Bf5 8. Ne1 Qd7 9. e4 Bh3 10. Nc2 e5 11. d5 Ne7 12. f3 Nh5 13. Be3 Bxg2 14. Kxg2 f5 15. Qd2 Nf6 16. h3 c5 17. Bh6 a6 18. a4 Nh5 19. Bxg7 Kxg7 20. Rg1 f4 21. g4 Ng3 22. Ne1 h5 23. Nd3 hxg4 24. hxg4 g5 25. Nf2 Ng6 26. Nh1 Nxh1 27. Rxh1 Rh8 28. Qf2 Qc7 29. Rxh8 Rxh8 30. Rh1 Nh4+ 31. Kf1 Qb6 32. Qe2 Qb3 33. Kf2 Ng6 34. Rxh8 Nxh8 35. Kf1 Ng6 36. Kg1 Nh4 37. Kf2 Kf6 38. Kg1 Ke7 39. Kf2 Kd7 40. Kg1 Kc7 41. Kf2 Kb6 42. Qd2 Qxc4 0-1

[Event "2nd Irena Warakomska Memorial-A"]
[Site "Suwalki"]
[Date "2018.08.03"]
[Round "4"]
[White "Maj, Pawel"]
[Black "Ocytko, Andrzej"]
[Result "1-0"]
[ECO "A36"]
[WhiteElo "1521"]
[BlackElo "2155"]
[Annotator "NA"]
[PlyCount "63"]
[EventDate "2018.08.01"]
[EventType "swiss"]
[EventCountry "POL"]
[SourceTitle "playchess.com"]
[Source "ChessBase"]
[SourceQuality "1"]
[TimeControl "40/5400+30:1800+30"]

1. c4 c5 2. g3 Nc6 3. Bg2 g6 4. Nc3 Bg7 5. e4 e5 6. Nge2 Nge7 7. O-O d6 8. d3 Be6 9. Nd5 O-O 10. f4 f5 11. Rb1 Rb8 12. a3 a5 13. Nec3 h6 14. h3 Qd7 15. Kh2 b6 16. Qa4 Qd8 17. Bd2 Nd4 18. b4 Nxd5 19. Nxd5 axb4 20. axb4 Ra8 21. Qd1 Bxd5 22. cxd5 Ra2 23. fxe5 dxe5 24. bxc5 bxc5 25. exf5 gxf5 26. Kh1 Qd6 27. Rb7 Qg6 28. Rg1 e4 29. dxe4 fxe4 30. Bf4 Ne2 31. d6 Kh8 32. Qd5 1-0

[Event "2nd Irena Warakomska Memorial-A"]
[Site "Suwalki"]
[Date "2018.08.04"]
[Round "5"]
[White "Socko, Bartosz"]
[Black "Kashlinskaya, Alina"]
[Result "1-0"]
[ECO "A22"]
[WhiteElo "2611"]
[BlackElo "2440"]
[Annotator "ChessBase"]
[PlyCount "151"]
[EventDate "2018.08.01"]
[EventType "swiss"]
[EventCountry "POL"]
[SourceTitle "playchess.com"]
[Source "ChessBase"]
[SourceQuality "1"]
[TimeControl "40/5400+30:1800+30"]

1. c4 Nf6 2. Nc3 e5 3. g3 Bb4 4. Bg2 O-O 5. e4 Nc6 6. Nge2 d6 7. O-O Bc5 8. d3 a6 9. h3 h6 10. Kh2 b5 11. b3 Nd4 12. Bb2 c6 13. f4 a5 14. Rc1 a4 15. fxe5 dxe5 16. cxb5 axb3 17. axb3 Be6 18. Nxd4 Bxd4 19. bxc6 Be3 20. Ra1 Rc8 21. Ra6 Bb6 22. Nd5 Rxc6 23. Nxb6 Rxb6 24. Rxb6 Qxb6 25. Bxe5 Nd7 26. Ba1 Ra8 27. d4 Bxb3 28. Qg4 Be6 29. Qf3 Rxa1 30. Rxa1 Qxd4 31. Rd1 Qb2 32. Qf4 Ne5 33. Rd2 Qc3 34. Rd6 Kh7 35. Rd8 Qb2 36. Qd2 Qa3 37. Qd1 Qc3 38. Qf1 Qb2 39. Qf4 Qc3 40. Rd1 Qb2 41. Qd2 Qb3 42. Rf1 Qb5 43. Qc3 Nd7 44. Rf2 Qh5 45. Qf3 Qc5 46. Qe2 Ne5 47. Qc2 Qe3 48. Rf4 Qd4 49. Rf1 Qb4 50. Rb1 Qa3 51. Qb2 Qd3 52. Rf1 Nc4 53. Qb1 Qd2 54. Qc1 Qd4 55. Rd1 Qf2 56. Qf4 Qb2 57. Kh1 Qe2 58. Bf3 Qc2 59. e5 Qc3 60. Rc1 Qb3 61. h4 g6 62. Re1 Qc3 63. Re2 h5 64. Kh2 Qd3 65. Qe4 Qd1 66. Rc2 Nd2 67. Qxg6+ Kxg6 68. Bxd1 Nf1+ 69. Kg1 Ne3 70. Rc1 Bg4 71. Bb3 Nf5 72. Rc6+ Kg7 73. Rc7 Nxg3 74. e6 Nf5 75. Rxf7+ Kg6 76. Bc2 1-0

[Event "2nd Irena Warakomska Memorial-A"]
[Site "Suwalki"]
[Date "2018.08.04"]
[Round "5"]
[White "Markowski, Tomasz"]
[Black "Ulybin, Mikhail"]
[Result "1/2-1/2"]
[ECO "A36"]
[WhiteElo "2562"]
[BlackElo "2512"]
[Annotator "RC"]
[PlyCount "97"]
[EventDate "2018.08.01"]
[EventType "swiss"]
[EventCountry "POL"]
[SourceTitle "playchess.com"]
[Source "ChessBase"]
[SourceQuality "1"]
[TimeControl "40/5400+30:1800+30"]

1. c4 c5 2. g3 Nc6 3. Bg2 g6 4. Nc3 Bg7 5. Rb1 b6 6. Nf3 Bb7 7. O-O Nd4 8. e3 Nxf3+ 9. Bxf3 Bxf3 10. Qxf3 Nh6 11. b3 O-O 12. Bb2 Nf5 13. Rfd1 Rb8 14. d3 d6 15. Qe4 e6 16. Qf3 a6 17. a4 Qe7 18. Ne2 Bxb2 19. Rxb2 b5 20. axb5 axb5 21. Ra2 bxc4 22. bxc4 Qb7 23. Qxb7 Rxb7 24. Nc3 Rd8 25. Ne4 Kf8 26. Rda1 Ke7 27. Ra7 Rdd7 28. Ra8 h5 29. h3 Ng7 30. R1a6 Rb1+ 31. Kg2 Ne8 32. Rc8 Nf6 33. Ng5 Ne8 34. Raa8 Nc7 35. Ra7 Ne8 36. Rxd7+ Kxd7 37. Ra8 Rd1 38. Nxf7 Rxd3 39. Ng5 e5 40. Ne4 Rb3 41. Ra7+ Nc7 42. Ra2 Ke6 43. Rd2 Rb6 44. Kf3 Ne8 45. g4 hxg4+ 46. hxg4 Rb4 47. Rc2 Nf6 48. Nd2 g5 49. Ra2 1/2-1/2

[Event "2nd Irena Warakomska Memorial-A"]
[Site "Suwalki"]
[Date "2018.08.04"]
[Round "5"]
[White "Kanarek, Marcel"]
[Black "Lewtak, Damian"]
[Result "0-1"]
[ECO "B00"]
[WhiteElo "2518"]
[BlackElo "2369"]
[Annotator "RC"]
[PlyCount "118"]
[EventDate "2018.08.01"]
[EventType "swiss"]
[EventCountry "POL"]
[SourceTitle "playchess.com"]
[Source "ChessBase"]
[SourceQuality "1"]
[TimeControl "40/5400+30:1800+30"]

1. e4 Nc6 2. d4 e5 3. dxe5 Nxe5 4. Nf3 d6 5. Nc3 Bg4 6. Be2 Nxf3+ 7. gxf3 Be6 8. Be3 Nf6 9. f4 g6 10. Bf3 c6 11. Qd4 c5 12. Qd3 Qd7 13. a4 Be7 14. a5 Bg4 15. Bg2 Bh3 16. Bf3 Bg4 17. Bg2 Bh3 18. Bxh3 Qxh3 19. e5 Qf3 20. exf6 Qxh1+ 21. Ke2 Qxa1 22. Qe4 O-O-O 23. fxe7 Rde8 24. Nd5 Qxb2 25. Kf3 Qb5 26. c4 Qd7 27. a6 bxa6 28. Nf6 Qb7 29. Nd5 Kb8 30. Bd2 Qd7 31. Qb1+ Kc8 32. Qa1 Rhg8 33. Qxa6+ Kb8 34. Ba5 Rc8 35. Bc3 Rge8 36. Bf6 Qc6 37. Qa5 Kb7 38. Kg2 Rc7 39. Kg3 Kc8 40. h3 Qb7 41. Nxc7 Qxc7 42. Qa6+ Kd7 43. Qa4+ Ke6 44. Qxe8 Kxf6 45. Qh8+ Kxe7 46. Qxh7 Qb7 47. f5 Qe4 48. Qg8 Qxf5 49. Qa8 Qd3+ 50. f3 Qxc4 51. Qxa7+ Kf6 52. Qb8 Qd4 53. Qh8+ Ke7 54. Qc8 g5 55. Qc7+ Kf6 56. Qd8+ Kg6 57. Qg8+ Qg7 58. Qc8 Qe5+ 59. Kg2 Kg7 0-1